Match 47149089
Unlisted

Match 47149089
End
Engineer Squad
Construct Weapon Support Center
M1919 Machine Gun Team
Selects Heavy Weapons
M1919 Machine Gun Team
M1919 Machine Gun Team
Infantry Support Center
Selects Assault Carriers
Engineer Squad
M3 Assault Carrier
M3 Assault Carrier
M1919 Machine Gun Team
M1919 Machine Gun Team
Selects Exchangeable Parts
M3 Assault Carrier
M1919 Machine Gun Team
M1919 Machine Gun Team
Selects M2HB .50cal Heavy Machine Gun
M3 Assault Carrier
M3 Assault Carrier
M3 Assault Carrier
Selects Towed M5 3-inch Anti-tank Gun
M3 Assault Carrier
Selects Rapid Reposition
M1919 Machine Gun Team
M3 Assault Carrier
M3 Assault Carrier
M1919 Machine Gun Team
Selects Bolstered Team Weapons
lemerman9
gabman6
O.G. Squeekz
[UF2L] Biggie Cheese
0
0

Comments sign in to comment!

No comments posted yet!